 Dungeon Crawl Stone Soup version 0.25-b1-23-ge2ad7d536c (webtiles) character file.

Game seed: 12971277020890163611, levelgen mode: deterministic

282 lepoulpe303 the Firebug (level 6, -3/32 HPs)
             Began as a Gargoyle Fire Elementalist on June 3, 2020.
             Was a Follower of Ashenzari.
             Shot with an arrow by a centaur (7 damage)
             ... on level 5 of the Dungeon.
             The game lasted 00:21:14 (4766 turns).

lepoulpe303 the Firebug (GrFE)                      Turns: 4766, Time: 00:21:14

Health: -3/32      AC: 10    Str: 11    XL:     6   Next: 28%
Magic:  7/10       EV: 12    Int: 18    God:    Ashenzari [*.....]
Gold:   129        SH:  0    Dex: 10    Spells: 0/11 levels left

rFire    . . .     SeeInvis .   a - +0 whip (curse)
rCold    . . .     Gourm    .   (no shield)
rNeg     + . .     Faith    .   s - +0 leather armour
rPois    ∞         Spirit   .   b - +2 helmet (curse)
rElec    +         Reflect  .   (no cloak)
rCorr    .         Harm     .   (no gloves)
MR       .....                  (no boots)
Stlth    ++........             (no amulet)
HPRegen  0.10/turn              (no ring)
MPRegen  0.12/turn              (no ring)

@: very slightly contaminated
A: negative energy resistance 1, electricity resistance, unbreathing,
petrification resistance, rot immunity, AC +4
a: Curse Item, Scrying, Renounce Religion


You were on level 5 of the Dungeon.
You worshipped Ashenzari.
Ashenzari was aware of your devotion.
You were not hungry.

You visited 1 branch of the dungeon, and saw 5 of its levels.

You collected 129 gold pieces.

Inventory:

Hand Weapons
 a - a cursed +0 whip (weapon)
Missiles
 w - 15 poisoned darts (quivered)
Armour
 b - a cursed +2 helmet (worn)
 j - a +0 robe
 s - a +0 leather armour (worn)
Scrolls
 c - a scroll of random uselessness {unknown}
 g - a scroll of enchant armour {unknown}
 i - 2 scrolls of identify
 o - a scroll of fear {unknown}
 p - 2 scrolls of amnesia {unknown}
 q - 3 scrolls of magic mapping {!r}
 r - 2 scrolls of remove curse
 t - 7 scrolls of teleportation
 y - a scroll of noise {unknown}
Potions
 d - 4 potions of might
 f - a potion of curing {unknown}
 h - 2 potions of haste
 k - 3 potions of flight
 m - a potion of berserk rage {unknown}
 n - 2 potions of cancellation
 u - a potion of invisibility {unknown}
 x - 4 potions of lignification {!q}
 z - a potion of resistance {unknown}
 A - a potion of heal wounds {unknown}
 B - a potion of stabbing {unknown}
Comestibles
 e - 4 rations


   Skills:
 + Level 1.4 Armour
 + Level 2.2 Dodging
 - Level 3.2 Stealth
 * Level 3.2 Spellcasting
 * Level 3.2 Conjurations
 * Level 4.3 Fire Magic


You couldn't memorise any spells.
You knew the following spells:

 Your Spells              Type           Power        Failure   Level  Hunger
a - Foxfire               Conj/Fire      ###.         4%          1    None
b - Inner Flame           Hex/Fire       ##......     26%         3    ###....
c - Conjure Flame         Conj/Fire      ###.....     13%         3    ###....
s - Sticky Flame          Conj/Fire      ###.....     41%         4    ####...

Your spell library contained the following spells:

 Spells                   Type           Power        Failure   Level  Hunger
 Fireball                 Conj/Fire      ###.......   77%         5    ######.


Dungeon Overview and Level Annotations

Branches:
Dungeon (5/15)
 Temple: D:4-7

Altars:
Ashenzari
Dithmenos
Elyvilon
Fedhas
Gozag
Kikubaaqudgha
Ru
Trog
Uskayaw
Xom
Yredelemnul

Annotations:
D:4 Sigmund


Innate Abilities, Weirdness & Mutations

You are resistant to torment.
Your stone body is resilient. (AC +4)
You are immune to poison.
You resist negative energy. (rN+)
You are resistant to electric shocks. (rElec)
You can survive without breathing.
You are immune to petrification.
You are immune to rotting.


Message History

The arrow closely misses you.
You conjure some foxfire!
The centaur shoots an arrow.
The arrow hits you!
* * * LOW HITPOINT WARNING * * *
You take 9 damage, and have 3/32 hp.
MASSIVE DAMAGE!!
You now have 9/10 mp.
The foxfire hits the centaur.
The centaur shoots an arrow.
The arrow barely misses you.
You see here an arrow.
You conjure some foxfire!
The foxfire hits the centaur.
You now have 8/10 mp.
You barely miss the centaur.
The centaur unwields a +0 shortbow.
The centaur barely misses you.
The foxfire hits the centaur.
The centaur wields a +0 shortbow.
The centaur shoots an arrow.
The arrow barely misses you.
You see here an arrow.
You miscast Foxfire.
You are very lightly contaminated with residual magic.
Nothing appears to happen.
The centaur shoots an arrow.
The arrow hits you!
You die...

#############
#.#(.#[.#/..#
#.##.##§(c###
#..#..(@###
##..(.### .
#.((###.#[
#.###.#...
#'#....#
#......##
##....#.##
##....#.##
##....#.##


You could see a centaur.

Levels and vault maps discovered:
D:1:      saegor_arrival_simple_a, layout_loops_corners,
          minmay_worlds_worst_comb
D:2:      layout_loops_ring, hangedman_ru_absence, minivault_5, elyvilon_altar_3
D:3:      layout_rooms, grunt_temple_overflow_open
D:4:      layout_basic, minmay_misc_feat_four_crosses, lemuel_statue_altar,
          uniq_sigmund
D:5:      minmay_razor_zed, layout_loops_ring, minmay_temple_entry_junction,
          first_ration, minmay_crystal_water

Notes
Turn   | Place    | Note
-------+----------+-------------------------------------------
     0 | D:1      | lepoulpe303 the Gargoyle Fire Elementalist began the quest
                  | for the Orb.
     0 | D:1      | Reached XP level 1. HP: 10/10 MP: 3/3
     3 | D:1      | You fall into a shaft and drop 1 floor!
    21 | D:2      | Identified a +2 helmet (You found it on level 2 of the
                  | Dungeon)
   119 | D:1      | Reached XP level 2. HP: 15/15 MP: 3/5
   186 | D:1      | Identified a +0 club
   439 | D:1      | Identified a +0 club
   482 | D:1      | Identified a +0 whip
   520 | D:1      | Identified a +0 club
   654 | D:1      | Identified a +0 dagger
   710 | D:1      | Identified a +0 club
   879 | D:1      | Reached XP level 3. HP: 17/19 MP: 6/6
   884 | D:1      | Learned a level 3 spell: Conjure Flame
  1225 | D:2      | Found a sacrificial altar of Ru.
  1291 | D:2      | Found a white marble altar of Elyvilon.
  1303 | D:2      | Reached skill level 2 in Conjurations
  1506 | D:2      | Identified a +0 mace
  1637 | D:2      | HP: 3/19 [worker ant (4)]
  1646 | D:2      | Reached XP level 4. HP: 5/24 MP: 2/7
  1817 | D:2      | Learned a level 3 spell: Inner Flame
  2133 | D:2      | Reached skill level 2 in Dodging
  2366 | D:3      | Found a shattered altar of Ashenzari.
  2366 | D:3      | Found a hide-covered altar of Uskayaw.
  2366 | D:3      | Found a shimmering altar of Xom.
  2366 | D:3      | Identified a +0 dagger
  2368 | D:3      | Found a blossoming altar of Fedhas.
  2368 | D:3      | Found an ancient bone altar of Kikubaaqudgha.
  2371 | D:3      | Found a basalt altar of Yredelemnul.
  2371 | D:3      | Found a bloodstained altar of Trog.
  2372 | D:3      | Found an opulent altar of Gozag.
  2383 | D:3      | lepoulpe303: !whichgod grfe
  2383 | D:3      | meem: 34 recent wins for grfe: 16x Vehumet, 6x Sif Muna, 4x
                  | Ashenzari, 2x The Shining One, Uskayaw, Hepliaklqana,
                  | Nemelex Xobeh, Okawaru, Qazlal, Xom
  2383 | D:3      | lepoulpe303: !whichgod grfe
  2383 | D:3      | meem: 34 recent wins for grfe: 16x Vehumet, 6x Sif Muna, 4x
                  | Ashenzari, 2x The Shining One, Uskayaw, Hepliaklqana,
                  | Nemelex Xobeh, Okawaru, Qazlal, Xom
  2386 | D:3      | Became a worshipper of Ashenzari the Shackled
  2389 | D:3      | Identified a +0 dagger
  2400 | D:3      | Identified a +0 club
  2410 | D:3      | Identified a +0 club
  2426 | D:3      | Reached XP level 5. HP: 17/28 MP: 5/9
  2443 | D:3      | Identified a +0 club
  2553 | D:3      | Identified a +0 leather armour (You found it on level 1 of
                  | the Dungeon)
  2598 | D:3      | Identified a +0 dagger
  2675 | D:3      | Reached skill level 1 in Armour
  2742 | D:3      | Identified a +1 dagger of holy wrath
  2794 | D:3      | Identified a +3 dagger
  2983 | D:3      | Identified a +0 club (You found it on level 1 of the
                  | Dungeon)
  2983 | D:3      | Identified a +0 club (You found it on level 1 of the
                  | Dungeon)
  2983 | D:3      | Identified a +0 dagger
  2983 | D:3      | Identified a +0 hunting sling (You found it on level 2 of
                  | the Dungeon)
  2983 | D:3      | Identified a +0 club
  2983 | D:3      | Identified a +0 club
  2983 | D:3      | Identified a +0 dagger (You found it on level 2 of the
                  | Dungeon)
  3116 | D:4      | Identified a +0 dagger
  3116 | D:4      | Identified a +0 robe
  3122 | D:4      | Reached skill level 3 in Stealth
  3127 | D:4      | Identified a cursed -3 short sword
  3127 | D:4      | Identified a +0 club
  3128 | D:4      | Identified a +0 short sword
  3131 | D:4      | Identified a +0 falchion
  3154 | D:4      | HP: 6/28 [orc wizard/puff of flame (9)]
  3156 | D:4      | Reached skill level 3 in Spellcasting
  3156 | D:4      | Reached skill level 4 in Fire Magic
  3500 | D:4      | Identified a +0 trident
  3542 | D:4      | Reached skill level 3 in Conjurations
  3542 | D:4      | Reached XP level 6. HP: 27/32 MP: 7/10
  3548 | D:4      | Learned a level 4 spell: Sticky Flame
  3573 | D:4      | Reached * piety under Ashenzari
  3658 | D:4      | Identified a +0 rapier
  3684 | D:4      | Identified a cursed +0 scythe
  3684 | D:4      | Identified a cursed +0 robe
  3684 | D:4      | Noticed Sigmund
  3701 | D:4      | Identified a +0 hunting sling
  3963 | D:4      | Identified a +0 hand axe
  4255 | D:4      | Found a shadowy altar of Dithmenos.
  4317 | D:4      | Identified a +0 falchion
  4522 | D:3      | Identified 8 scrolls of teleportation
  4523 | D:3      | Identified 9 scrolls of identify
  4523 | D:3      | Identified 3 potions of might
  4524 | D:3      | Identified 3 potions of flight
  4525 | D:3      | Identified 2 potions of lignification
  4526 | D:3      | Identified 3 scrolls of magic mapping
  4527 | D:3      | Identified 2 potions of degeneration
  4529 | D:3      | Identified 2 potions of cancellation
  4530 | D:3      | Identified 2 potions of haste
  4621 | D:5      | Entered Level 5 of the Dungeon
  4752 | D:5      | Identified a +0 shortbow
  4761 | D:5      | HP: 3/32 [centaur/arrow (9)]
  4766 | D:5      | Shot with an arrow by a centaur

Table legend:
 A = Turns spent in this place as a percentage of turns spent in the entire game.
 B = Non-inter-level travel turns spent in this place as a percentage of non-inter-level travel turns spent in the entire game.
 C = Inter-level travel turns spent in this place as a percentage of turns spent in this place.
 D = Turns resting spent in this place as a percentage of non-inter-level travel turns spent in this place.
 E = Turns spent auto-exploring this place as a percentage of non-inter-level travel turns spent in this place.
 F = Non-inter-level travel turns spent in this place divided by the number of levels of this place that you've seen.
                   A       B       C       D       E      F
               +-------+-------+-------+-------+-------+----------------------
         Total | 100.0 | 100.0 |   4.6 |  23.1 |  50.2 | 909.0
       Dungeon | 100.0 | 100.0 |   4.6 |  23.1 |  50.2 | 909.0
               +-------+-------+-------+-------+-------+----------------------

Table legend:
 A = Kills in this place as a percentage of kills in entire the game.
 B = Kills by you in this place as a percentage of kills by you in the entire game.
 C = Kills by friends in this place as a percentage of kills by friends in the entire game.
 D = Other kills in this place as a percentage of other kills in the entire game.
 E = Experience gained in this place as a percentage of experience gained in the entire game.
 F = Experience gained in this place divided by the number of levels of this place that you have seen.
                   A       B       C       D       E      F
               +-------+-------+-------+-------+-------+----------------------
         Total | 100.0 | 100.0 |   N/A |   N/A | 100.0 |  80.8
       Dungeon | 100.0 | 100.0 |   N/A |   N/A | 100.0 |  80.8
               +-------+-------+-------+-------+-------+----------------------

Skill      XL: |  1  2  3  4  5 |
---------------+----------------+-----
Conjurations   | 2 3 |  3.2
Dodging        | 2 |  2.2
Armour         | 1 |  1.4
Stealth        | 3 |  3.2
Spellcasting   | 3 |  3.2
Fire Magic     | 4 |  4.3

Action                   |  1- 3 |  4- 6 || total
-------------------------+-------+-------++-------
Melee: Unarmed           |    56 |       ||    56
       Whip              |    92 |   190 ||   282
Throw: Dart              |       |     1 ||     1
 Cast: Foxfire           |    31 |    37 ||    68
Invok: Curse Item        |       |     2 ||     2
  Use: Scroll            |       |     8 ||     8
 Stab: Sleeping          |     3 |     4 ||     7
  Eat: Chunk             |     3 |     7 ||    10
       Ration            |       |     1 ||     1
Armor: Robe              |    72 |    21 ||    93
       Leather armour    |       |   108 ||   108
Dodge: Dodged            |   128 |   155 ||   283

Vanquished Creatures
  An orc wizard (D:4)
  A centaur skeleton (D:4)
  An iguana (D:4)
  2 worker ants
  6 adders
  A worm (D:3)
  3 dart slugs
  4 leopard geckos
  4 orcs (D:4)
  6 giant cockroaches
  7 goblins
  11 hobgoblins
  14 jackals
  8 bats
  2 frilled lizards
  6 kobolds
  5 rats
82 creatures vanquished.

Vanquished Creatures (others)
  109 foxfires
109 creatures vanquished.

Grand Total: 191 creatures vanquished
